 Dungeon Crawl Stone Soup version 0.21.0 (webtiles) character file.

128 Hekarica the Sneak (level 5, -2/34 HPs)
             Began as an Octopode Venom Mage on May 20, 2018.
             Slain by Hekarica's ghost (6 damage)
             ... on level 3 of the Dungeon.
             The game lasted 00:09:27 (2522 turns).

Hekarica the Sneak (Octopode Venom Mage)            Turns: 2522, Time: 00:09:27

Health: -2/34      AC:  1    Str:  8    XL:     5   Next: 11%
Magic:  9/9        EV: 14    Int: 18    God:
Gold:   34         SH:  0    Dex: 12    Spells: 8/9 levels left

rFire    . . .     SeeInvis .     - Unarmed
rCold    . . .     Gourm    .   (no shield)
rNeg     . . .     Faith    .   e - +0 hat
rPois    .         Spirit   .   (no amulet)
rElec    .         Reflect  .   (no ring)
rCorr    .         Harm     .   (no ring)
MR       .....                  (no ring)
Stlth    +++.......             (no ring)
HPRegen  0.11/turn              (no ring)
MPRegen  0.11/turn              (no ring)
                                (no ring)
                                (no ring)

@: no status effects
A: almost no armour, stealthy swim, amphibious, 8 rings, constrict 8, camouflage
1, gelatinous body 1
a: no special abilities


You were on level 3 of the Dungeon.
You were not hungry.

You visited 1 branch of the dungeon, and saw 3 of its levels.

You collected 34 gold pieces.

Inventory:

Hand Weapons
 k - a +1 dagger of venom
 r - a cursed -3 flail
Missiles
 o - 19 bolts
Armour
 e - a +0 hat (worn)
Jewellery
 t - an uncursed ring of magical power {unknown}
Scrolls
 c - 2 scrolls of fog {unknown}
 f - a scroll of teleportation {unknown}
 h - a scroll of magic mapping {unknown}
 i - 2 scrolls of remove curse {unknown}
 j - a scroll of random uselessness {unknown}
 l - a scroll of enchant armour {unknown}
 m - 2 scrolls of identify {unknown}
 n - a scroll of immolation {unknown}
 s - a scroll of amnesia {unknown}
Potions
 d - a potion of degeneration {unknown}
 g - a potion of curing {unknown}
 p - a potion of cancellation {unknown}
 q - a potion of mutation {unknown}
Books
 a - a Young Poisoner's Handbook

   Spells                             Type                      Level
   a - Sting                          Conjuration/Poison           1
   b - Poisonous Vapours              Poison/Air                   2
   c - Mephitic Cloud                 Conjuration/Poison/Air       3
   d - Olgreb's Toxic Radiance        Poison                       4
   e - Venom Bolt                     Conjuration/Poison           5
Comestibles
 b - 2 rations


   Skills:
 + Level 1.8 Fighting
 + Level 2.8 Dodging
 + Level 4.0 Stealth
 + Level 1.8 Unarmed Combat
 + Level 2.7 Spellcasting
 - Level 1.0 Conjurations
 - Level 3.6 Poison Magic


You had 8 spell levels left.
You knew the following spells:

 Your Spells              Type           Power        Failure   Level  Hunger
a - Sting                 Conj/Pois      ##..         6%          1    #......


Dungeon Overview and Level Annotations

Branches:
Dungeon (3/15)

Altars:
Makhleb

Annotations:
D:3 Hekarica's ghost, amateur CeHu


Innate Abilities, Weirdness & Mutations

You cannot wear most types of armour.
You are very stealthy in the water. (Stealth+)
You are amphibious.
You can wear up to eight rings at the same time.
You can use your tentacles to constrict eight enemies at once.
Your skin changes colour to match your surroundings (Stealth+).
Your rubbery body absorbs attacks. (AC +1, EV +1)


Message History

A rat comes into view.
You closely miss Hekarica's ghost.
Hekarica's ghost is moderately damaged.
Hekarica's ghost hits you.
You tentacle-slap Hekarica's ghost.
Hekarica's ghost is moderately damaged.
Hekarica's ghost hits you.
You barely miss Hekarica's ghost. You squeeze Hekarica's ghost.
Hekarica's ghost is moderately damaged.
Hekarica's ghost hits you.
* * * LOW HITPOINT WARNING * * *
You barely miss Hekarica's ghost.
Hekarica's ghost is moderately damaged.
Hekarica's ghost hits you.
* * * LOW HITPOINT WARNING * * *
You closely miss Hekarica's ghost. You squeeze Hekarica's ghost!
Hekarica's ghost is heavily damaged.
Hekarica's ghost laughs crazily.
Hekarica's ghost hits you.
You die...

....#... #.#...# #
######.##.###.####.
#..................
#.####..#..###.###.
#..#r.# #..#..#.. .
###..#W.#....
#....@........
#.#..#......##
#.#..#........
#.##.#...####.###
#....<..## .#
#.......# #
#........#
##......†#
#.........


You could see Hekarica's ghost and a rat.

Vanquished Creatures
  Jessica (D:2)
  4 adders (D:2)
  An ooze (D:1)
  A worm (D:3)
  4 dart slugs
  A leopard gecko (D:1)
  5 bats
  5 giant cockroaches
  7 goblins
  6 hobgoblins
  2 ball pythons (D:1)
  4 frilled lizards (D:1)
  4 kobolds
  7 rats
52 creatures vanquished.

Notes
Turn   | Place    | Note
-------+----------+-------------------------------------------
     0 | D:1      | Hekarica the Octopode Venom Mage began the quest for the Orb.
     0 | D:1      | Reached XP level 1. HP: 11/11 MP: 3/3
    73 | D:1      | Reached XP level 2. HP: 13/18 MP: 0/5
    86 | D:1      | Reached skill level 3 in Stealth
   825 | D:1      | Reached XP level 3. HP: 22/22 MP: 1/6
   925 | D:1      | Reached skill level 1 in Fighting
   925 | D:1      | Reached skill level 1 in Unarmed Combat
  1378 | D:2      | Reached XP level 4. HP: 28/28 MP: 2/7
  1515 | D:2      | Noticed Jessica
  1526 | D:2      | Killed Jessica
  2030 | D:2      | Reached skill level 4 in Stealth
  2030 | D:2      | Reached XP level 5. HP: 34/34 MP: 1/9
  2470 | D:3      | Noticed Hekarica's ghost (amateur CeHu)
  2484 | D:3      | Found a burning altar of Makhleb.
  2522 | D:3      | Slain by Hekarica's ghost

Skill      XL: |  1  2  3  4 |
---------------+-------------+-----
Stealth        | 3 4 |  4.0
Fighting       | 1 |  1.8
Unarmed Combat | 1 |  1.8
Dodging        | |  2.8
Spellcasting   | |  2.7
Conjurations   | |  1.0
Poison Magic   | |  3.6

Action                   |  1- 3 |  4- 6 || total
-------------------------+-------+-------++-------
Melee: Unarmed           |    49 |    28 ||    77
       Constrict         |    13 |     7 ||    20
       Tentacles         |    11 |    10 ||    21
 Cast: Sting             |    54 |    37 ||    91
 Stab: Sleeping          |     2 |       ||     2
  Eat: Ration            |     1 |     1 ||     2
Armor: Skin              |     2 |     2 ||     4
Dodge: Dodged            |    24 |    12 ||    36
